APP
TEXAS (APP) RANGERS @ BALTIMORE (APP) ORIOLES
08/10/2044
 
TOP OF THE 1ST
Texas (APP) Rangers batting - Pitching for Baltimore (APP) Orioles : RHP Jonathan Spicer
Pitching: RHP Jonathan Spicer
Batting: LHB Walter Vegter 0-0: Ball
1-0: Foul Ball, location: 2F
1-1: Foul Ball, location: 2F
1-2: Foul Ball, location: 2F
1-2: Foul Ball, location: 2F
1-2: SINGLE (Groundball, 25, EV 61.9 MPH) (infield hit)
Batting: RHB David Redman 0-0: Called Strike
0-1: Ball
Walter Vegter steals 2nd base
1-1: Ball
2-1: Foul Ball, location: 2F
2-2: SINGLE (Line Drive, 6D, EV 94.4 MPH)
Walter Vegter to third
Batting: RHB Robby Adair 0-0: Called Strike
0-1: Ball
1-1: Fly out, F8 (Line Drive, 8LD, EV 97.5 MPH)
Runner from 3rd tags up, SCORES, throw by CF
Batting: RHB Ryan Pastore 0-0: Called Strike
0-1: Foul Ball, location: 2F
0-2: Ball
1-2: Reached on error, E3 (Groundball, 3S, EV 86.9 MPH)
David Redman to second
Batting: LHB Tomoya Hashimoto 0-0: Foul Ball, location: 2F
0-1: Ball
1-1: Fielders Choice at 2nd, 3-6 (Groundball, 34S, EV 83.1 MPH)
David Redman to third
Batting: RHB Jay De Angelis 0-0: Called Strike
0-1: Fly out, F4 (Line Drive, 4, EV 73.8 MPH)
Top of the 1st over - 1 run, 2 hits, 1 error, 2 left on base; Texas (APP) 1 - Baltimore (APP) 0
BOTTOM OF THE 1ST
Baltimore (APP) Orioles batting - Pitching for Texas (APP) Rangers : RHP Jaleel Martin
Pitching: RHP Jaleel Martin
Batting: RHB Jeremy Sipe 0-0: Ball
1-0: TRIPLE (Flyball, 89XD, EV 87.5 MPH)
Batting: LHB Rodolfo Montes 0-0: Ball
1-0: Called Strike
1-1: Ground out 4-3 (Groundball, 4D, EV 101.9 MPH)
Jeremy Sipe scores
Batting: RHB Mike Zepeda 0-0: Ball
1-0: Foul Ball, location: 2F
1-1: Ground out 5-3 (Groundball, 5, EV 88.1 MPH)
Batting: LHB Bill Ostlund 0-0: Ball
1-0: Ball
2-0: Foul Ball, location: 2F
2-1: DOUBLE (Flyball, 9LD, EV 105.0 MPH)
Batting: LHB Antonio Cantu 0-0: Ground out 6-3 (Groundball, 6M, EV 79.4 MPH)
Bottom of the 1st over - 1 run, 2 hits, 0 errors, 1 left on base; Texas (APP) 1 - Baltimore (APP) 1
TOP OF THE 2ND
Texas (APP) Rangers batting - Pitching for Baltimore (APP) Orioles : RHP Jonathan Spicer
Batting: SHB Mark Paquin 0-0: Foul Ball, location: 2F
0-1: SINGLE (Groundball, 4M, EV 103.1 MPH) (infield hit)
Batting: RHB Rafael Tapia 0-0: Ball
1-0: Foul Ball, location: 2F
1-1: Called Strike
Mark Paquin steals 2nd base
1-2: Ground out 5-3 (Groundball, 56, EV 105.0 MPH)
Batting: SHB Albert Ortiz 0-0: Swinging Strike
0-1: Ground out 4-3 (Groundball, 4, EV 103.1 MPH)
Mark Paquin to third
Batting: LHB Walter Vegter 0-0: Ball
1-0: Ball
2-0: Swinging Strike
2-1: Foul Ball, location: 2F
2-2: Ball
3-2: Foul Ball, location: 2F
3-2: Foul Ball, location: 2F
3-2: Base on Balls
Batting: RHB David Redman 0-0: Ball
1-0: Foul Ball, location: 2F
1-1: Fly out, F8 (Flyball, 78D, EV 93.8 MPH)
Top of the 2nd over - 0 runs, 1 hit, 0 errors, 2 left on base; Texas (APP) 1 - Baltimore (APP) 1
BOTTOM OF THE 2ND
Baltimore (APP) Orioles batting - Pitching for Texas (APP) Rangers : RHP Jaleel Martin
Batting: RHB Matt O'Dea 0-0: Called Strike
0-1: SOLO HOME RUN (Flyball, 7D, EV 103.8 MPH), Distance : 406 ft
Batting: RHB Fernando Bravo 0-0: Ball
1-0: Foul Ball, location: 2F
1-1: Ball
2-1: Foul Ball, location: 2F
2-2: Ball
3-2: Foul Ball, location: 2F
3-2: Foul Ball, location: 2F
3-2: Foul Ball, location: 2F
3-2: SINGLE (Groundball, 34D, EV 105.6 MPH)
Batting: RHB Ryan Vest 0-0: Ball
1-0: Swinging Strike
1-1: Foul Ball, location: 2F
1-2: Foul Ball, location: 2F
1-2: Fly out, F9 (Line Drive, 9, EV 105.0 MPH)
Batting: RHB Roberto Sotelo 0-0: Ball
1-0: Swinging Strike
1-1: Called Strike
1-2: Strikes out swinging
Batting: RHB Jeremy Sipe 0-0: Fly out, F8 (Flyball, 8RS, EV 79.4 MPH)
Bottom of the 2nd over - 1 run, 2 hits, 0 errors, 1 left on base; Texas (APP) 1 - Baltimore (APP) 2
TOP OF THE 3RD
Texas (APP) Rangers batting - Pitching for Baltimore (APP) Orioles : RHP Jonathan Spicer
Batting: RHB Robby Adair 0-0: Ball
1-0: Ball
2-0: Foul Ball, location: 2F
2-1: Swinging Strike
2-2: Ball
3-2: Strikes out swinging
Batting: RHB Ryan Pastore 0-0: Swinging Strike
0-1: Foul Ball, location: 2F
0-2: Strikes out looking
Batting: LHB Tomoya Hashimoto 0-0: Ball
1-0: Ball
2-0: Ball
3-0: Base on Balls
Batting: RHB Jay De Angelis 0-0: Ball
1-0: Foul Ball, location: 2F
1-1: Ball
2-1: Ball
3-1: Fly out, F9 (Flyball, 9S, EV 90.0 MPH)
Top of the 3rd over - 0 runs, 0 hits, 0 errors, 1 left on base; Texas (APP) 1 - Baltimore (APP) 2
BOTTOM OF THE 3RD
Baltimore (APP) Orioles batting - Pitching for Texas (APP) Rangers : RHP Jaleel Martin
Batting: LHB Rodolfo Montes 0-0: Ball
1-0: Swinging Strike
1-1: Ground out 4-3 (Groundball, 4, EV 85.6 MPH)
Batting: RHB Mike Zepeda 0-0: Ball
1-0: Ball
2-0: Called Strike
2-1: SINGLE (Line Drive, 34D, EV 95.0 MPH)
Batting: LHB Bill Ostlund 0-0: Called Strike
0-1: Ball
1-1: Swinging Strike
1-2: Ball
2-2: Ball
3-2: Strikes out swinging
Batting: LHB Antonio Cantu 0-0: Fly out, F8 (Flyball, 8RM, EV 86.9 MPH)
Bottom of the 3rd over - 0 runs, 1 hit, 0 errors, 1 left on base; Texas (APP) 1 - Baltimore (APP) 2
TOP OF THE 4TH
Texas (APP) Rangers batting - Pitching for Baltimore (APP) Orioles : RHP Jonathan Spicer
Batting: SHB Mark Paquin 0-0: Ball
1-0: Called Strike
1-1: Ball
2-1: Ball
3-1: Base on Balls
Batting: RHB Rafael Tapia 0-0: SINGLE (Line Drive, 6MD, EV 108.1 MPH)
Mark Paquin to second
Batting: SHB Albert Ortiz 0-0: Ball
1-0: Ball
2-0: Ball
3-0: Called Strike
3-1: Base on Balls
Mark Paquin to third
Rafael Tapia to second
Batting: LHB Walter Vegter 0-0: Called Strike
0-1: Ball
1-1: Grounds into fielders choice 1-2 (Groundball, 15S, EV 68.8 MPH)
Rafael Tapia to third
Albert Ortiz to second
Batting: RHB David Redman 0-0: Foul Ball, location: 2F
0-1: Grounds into double play, 6-4-3 (Groundball, 6, EV 83.1 MPH)
Top of the 4th over - 0 runs, 1 hit, 0 errors, 2 left on base; Texas (APP) 1 - Baltimore (APP) 2
BOTTOM OF THE 4TH
Baltimore (APP) Orioles batting - Pitching for Texas (APP) Rangers : RHP Jaleel Martin
Batting: RHB Matt O'Dea 0-0: SINGLE (Line Drive, 34D, EV 100.0 MPH)
Batting: RHB Fernando Bravo 0-0: Called Strike
0-1: Called Strike
0-2: Strikes out swinging
Batting: RHB Ryan Vest 0-0: Swinging Strike
0-1: Ball
1-1: Ball
2-1: Called Strike
2-2: Strikes out looking
Batting: RHB Roberto Sotelo 0-0: Called Strike
0-1: Ball
1-1: Foul Ball, location: 2F
1-2: Ball
2-2: Ball
Wild Pitch!
Matt O'Dea to second
3-2: Ground out 4-3 (Groundball, 4M, EV 90.0 MPH)
Bottom of the 4th over - 0 runs, 1 hit, 0 errors, 1 left on base; Texas (APP) 1 - Baltimore (APP) 2
TOP OF THE 5TH
Texas (APP) Rangers batting - Pitching for Baltimore (APP) Orioles : RHP Jonathan Spicer
Pitching: LHP Freddy Gutierrez
Batting: RHB Robby Adair 0-0: Ball
1-0: Ground out 6-3 (Groundball, 6M, EV 92.5 MPH)
Batting: RHB Ryan Pastore 0-0: Foul Ball, location: 2F
0-1: Ground out 1-3 (Groundball, 13S, EV 61.2 MPH)
Batting: LHB Tomoya Hashimoto 0-0: Foul Ball, location: 2F
0-1: Ground out 6-3 (Groundball, 6, EV 90.6 MPH)
Top of the 5th over - 0 runs, 0 hits, 0 errors, 0 left on base; Texas (APP) 1 - Baltimore (APP) 2
BOTTOM OF THE 5TH
Baltimore (APP) Orioles batting - Pitching for Texas (APP) Rangers : RHP Jaleel Martin
Batting: RHB Jeremy Sipe 0-0: Ball
1-0: Ball
2-0: Called Strike
2-1: Ground out 5-3 (Groundball, 56S, EV 74.4 MPH)
Batting: LHB Rodolfo Montes 0-0: Called Strike
0-1: Foul Ball, location: 2F
0-2: Foul Ball, location: 2F
0-2: Foul Ball, location: 2F
0-2: Ball
1-2: Strikes out swinging
Batting: RHB Mike Zepeda 0-0: Ball
1-0: Called Strike
1-1: Ball
2-1: Ball
3-1: Ground out U3 (Groundball, 34, EV 85.0 MPH)
Bottom of the 5th over - 0 runs, 0 hits, 0 errors, 0 left on base; Texas (APP) 1 - Baltimore (APP) 2
TOP OF THE 6TH
Texas (APP) Rangers batting - Pitching for Baltimore (APP) Orioles : LHP Freddy Gutierrez
Batting: RHB Jay De Angelis 0-0: Ball
1-0: Ground out 5-3 (Groundball, 56, EV 86.9 MPH)
Batting: SHB Mark Paquin 0-0: Ball
1-0: SINGLE (Groundball, 6MD, EV 94.4 MPH)
Batting: RHB Rafael Tapia 0-0: Foul Ball, location: 2F
0-1: Ball
Mark Paquin steals 2nd base
1-1: Ball
2-1: SINGLE (Groundball, 56D, EV 97.5 MPH)
Mark Paquin to third
Runner from 3rd tries for Home, SAFE, throw by LF to home
Batting: SHB Albert Ortiz 0-0: Ball
1-0: Called Strike
1-1: Ball
2-1: SINGLE (Groundball, 13, EV 90.6 MPH) (infield hit)
Rafael Tapia to second
Batting: LHB Walter Vegter 0-0: Ball
Rafael Tapia steals 3rd base
1-0: Swinging Strike
1-1: DOUBLE (Line Drive, 7D, EV 101.2 MPH)
Rafael Tapia scores
Albert Ortiz to third
Batting: RHB David Redman 0-0: Ball
1-0: SINGLE (Groundball, 4MD, EV 94.4 MPH)
Albert Ortiz scores
Walter Vegter to third
Runner from 3rd tries for Home, SAFE, throw by CF to home
David Redman to second
Pitching: RHP Jon Grason
Batting: RHB Robby Adair 0-0: Ground out 4-3 (Groundball, 4, EV 90.0 MPH)
David Redman to third
Batting: RHB Ryan Pastore 0-0: Ball
1-0: Called Strike
1-1: Swinging Strike
1-2: Strikes out looking
Top of the 6th over - 4 runs, 5 hits, 0 errors, 1 left on base; Texas (APP) 5 - Baltimore (APP) 2
BOTTOM OF THE 6TH
Baltimore (APP) Orioles batting - Pitching for Texas (APP) Rangers : RHP Jaleel Martin
Batting: LHB Bill Ostlund 0-0: Ball
1-0: Ball
2-0: Foul Ball, location: 2F
2-1: Swinging Strike
2-2: Ball
3-2: Base on Balls
Batting: LHB Antonio Cantu 0-0: Ball
1-0: Ball
Passed Ball!
Bill Ostlund to second
2-0: Ground out 4-3 (Groundball, 4, EV 85.6 MPH)
Bill Ostlund to third
Batting: RHB Matt O'Dea 0-0: Ball
1-0: Foul Ball, location: 2F
1-1: Ball
2-1: Ball
3-1: Called Strike
3-2: Foul Ball, location: 2F
3-2: Ground out 6-3 (Groundball, 6, EV 83.8 MPH)
Bill Ostlund scores
Batting: RHB Fernando Bravo 0-0: Ball
1-0: Ball
2-0: Called Strike
2-1: Ball
3-1: DOUBLE (Line Drive, 89M, EV 103.1 MPH)
Batting: RHB Ryan Vest 0-0: Called Strike
0-1: Foul Ball, location: 2F
0-2: Foul Ball, location: 2F
0-2: Ball
1-2: Ball
2-2: Ball
3-2: Ground out 4-3 (Groundball, 4, EV 105.0 MPH)
Bottom of the 6th over - 1 run, 1 hit, 0 errors, 1 left on base; Texas (APP) 5 - Baltimore (APP) 3
TOP OF THE 7TH
Texas (APP) Rangers batting - Pitching for Baltimore (APP) Orioles : RHP Jon Grason
Batting: LHB Tomoya Hashimoto 0-0: Ball
1-0: Foul Ball, location: 2F
1-1: Ball
2-1: Called Strike
2-2: Strikes out swinging
Batting: RHB Jay De Angelis 0-0: Ball
1-0: Foul Ball, location: 2F
1-1: Ball
2-1: Ground out 5-3 (Groundball, 56S, EV 74.4 MPH)
Batting: SHB Mark Paquin 0-0: Foul Ball, location: 2F
0-1: Foul Ball, location: 2F
0-2: Ball
1-2: Foul Ball, location: 2F
1-2: Ball
2-2: Fly out, F7 (Flyball, 78S, EV 85.6 MPH)
Top of the 7th over - 0 runs, 0 hits, 0 errors, 0 left on base; Texas (APP) 5 - Baltimore (APP) 3
BOTTOM OF THE 7TH
Baltimore (APP) Orioles batting - Pitching for Texas (APP) Rangers : RHP Jaleel Martin
Pitching: LHP Andy Huguet
Now in RF: Matt Silva
Batting: RHB Roberto Sotelo 0-0: Ball
1-0: Called Strike
1-1: Called Strike
1-2: Ball
2-2: Foul Ball, location: 2F
2-2: Ball
3-2: Foul Ball, location: 2F
3-2: Foul Ball, location: 2F
3-2: Base on Balls
Batting: RHB Jeremy Sipe 0-0: Bunted foul
0-1: Sac Bunt to 2R - play at first, batter safe!
Roberto Sotelo to second
Batting: LHB Rodolfo Montes 0-0: Sac Bunt to 15S - play at first, batter safe!
Roberto Sotelo to third
Jeremy Sipe to second
Batting: RHB Mike Zepeda 0-0: Ball
1-0: Ball
2-0: GRAND SLAM HOME RUN (Flyball, 7LD, EV 95.6 MPH), Distance : 365 ft
Pitching: LHP Ken Berger
Batting: LHB Bill Ostlund 0-0: Called Strike
0-1: Ball
1-1: Foul Ball, location: 2F
1-2: Ball
2-2: Ball
3-2: Strikes out swinging
Batting: LHB Antonio Cantu 0-0: Foul Ball, location: 2F
0-1: Called Strike
0-2: Strikes out looking
Batting: RHB Matt O'Dea 0-0: Ball
1-0: Foul Ball, location: 2F
1-1: Ball
2-1: Ball
3-1: Fly out, F7 (Flyball, 7, EV 83.1 MPH)
Bottom of the 7th over - 4 runs, 3 hits, 0 errors, 0 left on base; Texas (APP) 5 - Baltimore (APP) 7
TOP OF THE 8TH
Texas (APP) Rangers batting - Pitching for Baltimore (APP) Orioles : RHP Jon Grason
Pitching: LHP Randall Rennie
Batting: RHB Rafael Tapia 0-0: SINGLE (Groundball, 6S, EV 69.4 MPH) (infield hit)
Batting: SHB Albert Ortiz 0-0: Called Strike
0-1: Foul Ball, location: 2F
0-2: Ball
1-2: Strikes out swinging
Pinch Hitting: RHB Shawn Weber 0-0: Ball
1-0: Reached on error, E6 (Groundball, 6, EV 86.9 MPH)
Rafael Tapia to second
Batting: RHB David Redman 0-0: Ball
1-0: Swinging Strike
1-1: Swinging Strike
1-2: Strikes out swinging
Batting: RHB Robby Adair 0-0: Called Strike
0-1: Swinging Strike
0-2: Foul Ball, location: 2F
0-2: Foul Ball, location: 2F
0-2: Strikes out swinging
Top of the 8th over - 0 runs, 1 hit, 1 error, 2 left on base; Texas (APP) 5 - Baltimore (APP) 7
BOTTOM OF THE 8TH
Baltimore (APP) Orioles batting - Pitching for Texas (APP) Rangers : LHP Ken Berger
Now in CF: Jordan Llanes
Batting: RHB Fernando Bravo 0-0: Swinging Strike
0-1: Ball
1-1: Foul Ball, location: 2F
1-2: Strikes out looking
Batting: RHB Ryan Vest 0-0: Fly out, F8 (Flyball, 78D, EV 101.2 MPH)
Batting: RHB Roberto Sotelo 0-0: Ball
1-0: Foul Ball, location: 2F
1-1: Called Strike
1-2: Strikes out swinging
Bottom of the 8th over - 0 runs, 0 hits, 0 errors, 0 left on base; Texas (APP) 5 - Baltimore (APP) 7
TOP OF THE 9TH
Texas (APP) Rangers batting - Pitching for Baltimore (APP) Orioles : LHP Randall Rennie
Pitching: RHP Chris Kimura
Batting: RHB Ryan Pastore 0-0: Ball
1-0: Called Strike
1-1: Ball
2-1: Swinging Strike
2-2: Strikes out swinging
Pinch Hitting: LHB Justin Wheelock 0-0: Ball
1-0: Ball
2-0: Ball
3-0: Base on Balls
Batting: RHB Jay De Angelis 0-0: Foul Ball, location: 2F
0-1: Ball
1-1: Foul Ball, location: 2F
1-2: Strikes out swinging
Batting: SHB Mark Paquin 0-0: Ball
1-0: Foul Ball, location: 2F
1-1: Foul Ball, location: 2F
1-2: Foul Ball, location: 2F
1-2: Reached on error, E6 (Groundball, 6MD, EV 97.5 MPH)
Justin Wheelock to second
Batting: RHB Rafael Tapia 0-0: Ball
1-0: Foul Ball, location: 2F
1-1: Swinging Strike
1-2: Fielders Choice at 2nd, U4 (Groundball, 4M, EV 106.2 MPH)
Top of the 9th over - 0 runs, 0 hits, 1 error, 2 left on base; Texas (APP) 5 - Baltimore (APP) 7
Thursday, March 31st , 2022 - OOTP Baseball 22.12 Build 89